 Dungeon Crawl Stone Soup version 0.29.1-13-g9f3cf754e1 (webtiles) character file.

Game seed: 184816375032275409

30 hawla the Chiller (level 3, -3/26 HPs)
             Began as a Meteoran Ice Elementalist on Jan 22, 2023.
             Killed from afar by Ijyb (13 damage)
             ... with a bolt of acid
             ... on level 5 of the Dungeon.
             The game lasted 00:02:16 (239 turns).

hawla the Chiller (Meteoran Ice Elementalist)        Turns: 239, Time: 00:02:17

Health: -3/26      AC:  3    Str:  9    XL:     3   Next: 55%
Magic:  2/8        EV: 12    Int: 19    God:
Gold:   38         SH:  0    Dex: 14    Spells: 4/8 levels left

rFire   . . .      SeeInvis .   (no weapon)
rCold   . . .      Faith    .   (no shield)
rNeg    . . .      Spirit   .   a - +0 robe
rPois   .          Reflect  .   (no helmet)
rElec   .          Harm     .   (no cloak)
rCorr   .          Rampage  .   (no gloves)
Will    .....                   e - +0 pair of boots
Stlth   +.........              (no amulet)
HPRegen 0.08/turn               (no ring)
MPRegen 0.11/turn               (no ring)

@: freezing walls, very slightly contaminated, glowing, studying Armour
A: sense surroundings 1, otherworldly, glowing, explore regen
a: no special abilities


You were on level 5 of the Dungeon.
You visited 1 branch of the dungeon, and saw 5 of its levels.

You collected 38 gold pieces.

Inventory:

Armour
 a - a +0 robe (worn)
 e - a +0 pair of boots (worn)
Potions
 b - a potion of magic
 c - a potion of brilliance
 f - a potion of heal wounds {unknown}
 g - a potion of cancellation {unknown}
 i - a potion of attraction {unknown}


   Skills:
 + Level 2.5 Dodging
 - Level 1.4 Stealth
 + Level 3.4 Spellcasting
 + Level 5.0 Ice Magic


You had 4 spell levels left.
You knew the following spells:

 Your Spells              Type           Power      Damage    Failure   Level
a - Freeze                Ice            88%        1d10      1%          1
b - Frozen Ramparts       Ice            44%        1d7       5%          3

Your spell library contained the following spells:

 Spells                   Type           Power      Damage    Failure   Level
 Ozocubu's Armour         Ice            22%        N/A       5%          3
 Hailstorm                Conj/Ice       12%        3d5       45%         4


Dungeon Overview and Level Annotations

Branches:
Dungeon (5/15) Zot: 2760
 Temple: D:4-7

Altars:
The Shining One

Annotations:
D:5 Ijyb


Innate Abilities, Weirdness & Mutations

You passively map a small area around you.
You are easily found by Zot.
You glow in the dark.
You regain HP and MP as you explore.


Message History

The ogre shouts!
Ijyb shouts!
Casting: Freeze (safe; 1% risk of failure)
Confirm with . or Enter, or press ? or * to list all spells.
The spell is quite dangerous to miscast (5% risk of failure)!
Continue anyway?
Casting: Frozen Ramparts (quite dangerous; 5% risk of failure)
Press: ? - help, Dir - look around, f - activate The walls around you are covered in ice.
Ijyb screams, "I dance on your bones!"
A jelly comes into view.
The wall freezes the ogre.
Casting: Frozen Ramparts (quite dangerous; 5% risk of failure)
Confirm with . or Enter, or press ? or * to list all spells.
Aiming: Freeze (safe; 1% risk of failure)
Press: ? - help, Shift-Dir - straight line, f - ogre
Aim: an ogre, wielding a +0 giant club (lightly wounded)
You freeze the ogre.
The ogre is moderately wounded.
The wall freezes the ogre.
The ogre closely misses you.
Unknown command.
Casting: Freeze (safe; 1% risk of failure)
Confirm with . or Enter, or press ? or * to list all spells.
Aiming: Freeze (safe; 1% risk of failure)
Press: ? - help, Shift-Dir - straight line, f/p - ogre
Aim: an ogre, wielding a +0 giant club (heavily wounded)
You freeze the ogre.
The ogre is heavily wounded.
Unknown command.
Casting: Freeze (safe; 1% risk of failure)
Confirm with . or Enter, or press ? or * to list all spells.
Aiming: Freeze (safe; 1% risk of failure)
Press: ? - help, Shift-Dir - straight line, f/p - ogre
Aim: an ogre, wielding a +0 giant club (heavily wounded)
You miscast Freeze.
You are very lightly contaminated with residual magic.
Nothing appears to happen.
The wall freezes the ogre.
The ogre hits you with a +0 giant club!
Ouch! That really hurt!
Ijyb zaps a wand.
The bolt of acid hits you!
Ouch! That really hurt!
You die...

### ###..............
*,
##..##...............#
,
##......####.........#*
#......<## ##........#
* .........##
##.......# ..........##
##..##### ,
...........## #.##
............# #..#
............# ##@#
............# #.O...#
..######...## #.g...#
..* #...# *......#
+..## ....J.# , ,#..#
.......# #.., .......#
* * .......## ,


You could see an ogre, Ijyb and a jelly.

Vanquished Creatures
  2 adders
  A dart slug (D:3)
  An orc (D:3)
  An endoplasm (D:2)
  A giant cockroach (D:4)
  A ball python (D:3)
  3 frilled lizards
  A rat (D:3)
11 creatures vanquished.

Notes
Turn   | Place    | Note
-------+----------+-------------------------------------------
     0 | D:1      | hawla the Meteoran Ice Elementalist began the quest for the
                  | Orb.
     0 | D:1      | Reached XP level 1. HP: 14/14 MP: 5/5
    67 | D:3      | Reached XP level 2. HP: 18/20 MP: 1/6
   115 | D:3      | Reached XP level 3. HP: 19/26 MP: 2/8
   175 | D:4      | Reached skill level 5 in Ice Magic
   190 | D:4      | Found a glowing golden altar of the Shining One.
   202 | D:5      | Entered Level 5 of the Dungeon
   209 | D:5      | Learned a level 3 spell: Frozen Ramparts
   234 | D:5      | Noticed Ijyb
   234 | D:5      | Noticed an ogre
   239 | D:5      | Killed from afar by Ijyb

Illustrated notes

Levels and vault maps discovered:
D:1:      minmay_arrival_up_and_down, layout_loops_ring, serial_shops,
          shop_statue, dreamdust_ecumenical_altar_angels_and_demons, st_stairs_5
D:2:      layout_basic, kennysheep_flooded_box, uniq_terence
D:3:      layout_rooms, nicolae_overflow_two_pavilions, minmay_joined_circles
D:4:      layout_cave_pools, nicolae_tso_besieged_by_evil, slow_altar_2,
          nicolae_overflow_hidden_temple, biasface_ghost_orc_armoury
D:5:      layout_cave_pods, kennysheep_generic_room_14, uniq_pikel, uniq_ijyb

Skill      XL: |  1  2  3 |
---------------+----------+-----
Spellcasting   | 3 |  3.4
Ice Magic      | 5 |  5.0
Dodging        | |  2.5
Stealth        | |  1.4

Action                   || total
-------------------------++-------
 Cast: Freeze            ||    26
       Frozen Ramparts   ||     1
  Use: Scroll            ||     2
Armor: Robe              ||     3
Dodge: Dodged            ||    11
